 Dungeon Crawl Stone Soup version bcrawl-1.19.1 (webtiles) character file.

Game seed: 4484617949817316874

277 Freyura the Cudgeler (level 6, 0/53 HPs)
             Began as a Minotaur Monk on Dec 15, 2019.
             Was a Priest of Makhleb.
             Slain by a bullfrog (8 damage)
             ... in a sewer.
             The game lasted 00:10:19 (3262 turns).

Freyura the Cudgeler (Minotaur Monk)                Turns: 3262, Time: 00:10:20

Health: 0/53       AC:  5    Str: 14 (16) XL:     6   Next: 4%
Magic:  0/7        EV: 11    Int:  6 (7)  God:    Makhleb [***...]
Gold:   150        SH:  0    Dex: 14      Spells: 5/5 levels left

rFire    . . .     SeeInvis +   a - +0 mace
rCold    . . .     Gourm    .   (no shield)
rNeg     . . .     Faith    .   p - +0 leather armour
rPois    .         Spirit   +   c - +0 hat
rElec    .         Reflect  .   (no cloak)
rCorr    .         Harm     .   (no gloves)
MR       .....                  (no boots)
Stlth    ++........             d - amulet of guardian spirit
HPRegen  0.17/turn              g - ring of flight
MPRegen  0.10/turn              k - ring of see invisible

@: constricted
A: retaliatory headbutt, horns 2, yellow scales 1, evolution 1
a: Minor Destruction, Lesser Servant of Makhleb, Renounce Religion, Evoke Flight


You were in a sewer.
You worshipped Makhleb.
Makhleb was most pleased with you.
You were not hungry.

You visited 1 branch of the dungeon, and saw 3 of its levels.
You also visited: Sewer.

You collected 150 gold pieces.

Inventory:

Hand Weapons
 a - a +0 mace (weapon)
Armour
 b - a +0 robe
 c - a +0 hat (worn)
 p - a +0 leather armour (worn)
 q - a +0 chain mail
Jewellery
 d - an amulet of guardian spirit (around neck)
 e - an uncursed amulet of magic regeneration {unknown}
 g - a ring of flight (left hand)
 k - a ring of see invisible (right hand)
Scrolls
 i - 4 scrolls of teleportation
 r - a scroll of fog {unknown}
 s - a scroll of magic mapping
Potions
 h - a potion of curing
 j - a potion of mutation
 l - 2 potions of degeneration
 m - a potion of brilliance {unknown}
 n - a potion of magic {unknown}
 o - a potion of might {unknown}
Comestibles
 f - 5 rations {!d}


   Skills:
 + Level 4.7 Fighting
 * Level 5.7 Maces & Flails
 + Level 2.7 Armour
 + Level 4.2 Dodging
 - Level 1.7 Stealth
 + Level 2.6 Invocations


You had 5 spell levels left.
You didn't know any spells.
Your spell library was empty.

Dungeon Overview and Level Annotations

Branches:
Dungeon (3/12)

Altars:
Makhleb
Uskayaw


Innate Abilities, Weirdness & Mutations

You reflexively headbutt those who attack you in melee.
You have a pair of horns on your head.
You are partially covered in yellow scales. (AC +2)
You evolve.


Message History

The adder barely misses you. The bullfrog closely misses you.
You furiously retaliate!
You headbutt the bullfrog!
You kill the bullfrog!
Makhleb accepts your kill.
You feel better.
You feel your intelligence returning.
You feel your dexterity returning.
You have reached level 6!
Your experience leads to an increase in your attributes!
Your base attributes are Str 16, Int 7, Dex 13.
Increase (S)trength, (I)ntelligence, or (D)exterity?
You feel agile. The bullfrog hits you!
* * * LOW HITPOINT WARNING * * *
The ball python bites you but does no damage.
The ball python grabs you. The ball python constricts you. The adder bites you.
* * * LOW HITPOINT WARNING * * *
You are lethally poisoned!
The adder poisons you!
You feel better. The bullfrog hits you!
You die...

≈≈≈≈≈#
#####≈≈≈≈≈≈#
≈≈÷≈≈#
#≈≈≈≈≈≈#
≈≈≈≈≈#
#≈≈≈≈≈≈#
≈≈≈≈≈#
#≈≈≈≈≈≈#
≈≈≈÷≈#
#≈≈≈≈≈≈#
.†††≈#
#≈≈≈≈≈≈#
≈(.≈≈#
#≈≈≈#≈≈#
.†.≈##
#≈≈≈≈.≈#
≈≈≈≈≈#
#≈≈≈≈@†#
≈≈≈≈≈#
#≈≈≈SFS#
≈≈≈≈≈#
#≈≈≈J≈≈#
≈≈≈≈≈#
#≈≈≈≈≈≈#
≈≈≈≈≈#
#≈≈≈†≈≈#
≈≈≈≈≈#
#≈≈≈≈≈≈#
≈≈≈≈≈#
#≈≈≈≈≈≈#
...≈##
##.≈≈.##
.....#
......


You could see a bullfrog, an ooze, an adder and a ball python.

Vanquished Creatures
  A bullfrog (Sewer)
  10 adders
  3 river rats (Sewer)
  2 worms
  4 dart slugs
  3 leopard geckos (D:2)
  5 bats
  A giant cockroach (D:2)
  5 goblins
  6 hobgoblins
  7 jackals (D:1)
  3 kobolds (D:2)
  A quokka (D:2)
  10 ball pythons (Sewer)
  2 frilled lizards
  29 rats
92 creatures vanquished.

Notes
Turn   | Place    | Note
-------+----------+-------------------------------------------
     0 | D:1      | Freyura the Minotaur Monk began the quest for the Orb.
     0 | D:1      | Reached XP level 1. HP: 19/19 MP: 1/1
   297 | D:1      | Reached XP level 2. HP: 26/27 MP: 2/2
   339 | D:1      | Reached skill level 4 in Maces & Flails
   420 | D:1      | Reached skill level 1 in Armour
   839 | D:2      | Reached XP level 3. HP: 33/33 MP: 3/3
  1688 | D:2      | Found a burning altar of Makhleb.
  1689 | D:2      | Found a hide-covered altar of Uskayaw.
  1695 | D:2      | Became a worshipper of Makhleb the Destroyer
  1695 | D:2      | Reached * piety under Makhleb
  1695 | D:2      | Reached ** piety under Makhleb
  2149 | D:2      | Reached XP level 4. HP: 35/40 MP: 4/4
  2301 | D:3      | Found a glowing drain.
  2331 | D:3      | Reached skill level 5 in Maces & Flails
  2560 | Sewer    | Entered a sewer
  2935 | Sewer    | Reached XP level 5. HP: 47/47 MP: 3/5
  3040 | Sewer    | Gained mutation: You evolve. [potion of mutation]
  3040 | Sewer    | Gained mutation: You are partially covered in yellow
                  | scales. (AC +2) [potion of mutation]
  3168 | Sewer    | Reached *** piety under Makhleb
  3261 | Sewer    | HP: 2/47 [bullfrog (5)]
  3261 | Sewer    | Reached XP level 6. HP: 11/53 MP: 0/7
  3262 | Sewer    | Slain by a bullfrog

Skill      XL: |  1  2  3  4 |
---------------+-------------+-----
Maces & Flails | 4 5 |  5.7
Armour         | 1 2 |  2.7
Fighting       | 4 |  4.7
Dodging        | 4 |  4.2
Stealth        | |  1.7
Invocations    | |  2.6

Action                   |  1- 3 |  4- 6 || total
-------------------------+-------+-------++-------
Melee: Mace              |    81 |   105 ||   186
       Headbutt          |    10 |    18 ||    28
  Use: Scroll            |       |     4 ||     4
       Potion            |       |     6 ||     6
 Stab: Sleeping          |     6 |     1 ||     7
  Eat: Chunk             |     3 |     5 ||     8
Armor: Robe              |     5 |       ||     5
       Leather armour    |     1 |    46 ||    47
Dodge: Dodged            |    55 |    99 ||   154
